 Dungeon Crawl Stone Soup version 0.24.1 (webtiles) character file.

Game seed: 2963039816773254572, levelgen mode: deterministic

612 Descartes the Magician (level 7, -6/37 HPs)
             Began as a Deep Elf Air Elementalist on Apr 3, 2020.
             Mangled by an orc warrior
             ... wielding a +0 war axe
              (19 damage)
             ... on level 3 of the Dungeon.
             The game lasted 00:15:02 (6372 turns).

Descartes the Magician (Deep Elf Air Elementalist)  Turns: 6372, Time: 00:15:02

Health: -6/37      AC:  6    Str:  5    XL:     7   Next: 20%
Magic:  15/17      EV: 13    Int: 22    God:
Gold:   321        SH:  0    Dex: 15    Spells: 6/17 levels left

rFire    . . .     SeeInvis .   f - +2 short sword (elec)
rCold    . . .     Gourm    .   (no shield)
rNeg     + . .     Faith    .   a - +0 robe
rPois    .         Spirit   .   j - +1 helmet
rElec    .         Reflect  .   (no cloak)
rCorr    .         Harm     .   q - +0 pair of gloves
MR       .....                  A - +0 pair of boots
Stlth    ++........             (no amulet)
HPRegen  0.12/turn              x - ring of positive energy
MPRegen  0.15/turn              (no ring)

@: no status effects
A: no striking features
a: no special abilities


You were on level 3 of the Dungeon.
You were not hungry.

You visited 1 branch of the dungeon, and saw 4 of its levels.

You collected 321 gold pieces.

Inventory:

Hand Weapons
 f - a +2 short sword of electrocution (weapon)
 p - a +0 hunting sling
 r - a +2 dagger of draining
Missiles
 e - 323 stones (quivered)
 g - 29 poisoned darts
 m - 90 sling bullets
 v - 16 arrows
 y - 10 boomerangs
Armour
 a - a +0 robe (worn)
 j - a +1 helmet (worn)
 q - a +0 pair of gloves (worn)
 A - a +0 pair of boots (worn)
Jewellery
 i - an uncursed ring of ice
 x - a ring of positive energy (left hand)
Wands
 B - a wand of flame (11)
Scrolls
 b - 2 scrolls of enchant weapon {unknown}
 d - 5 scrolls of identify {unknown}
 k - a scroll of fear {unknown}
 t - a scroll of remove curse {unknown}
Potions
 h - 2 potions of curing {unknown}
 l - a potion of haste {unknown}
 n - a potion of degeneration {unknown}
 o - a potion of heal wounds {unknown}
 s - a potion of flight {unknown}
 w - a potion of berserk rage {unknown}
 z - 3 potions of agility {unknown}
Comestibles
 c - 12 rations


   Skills:
 + Level 0.6 Fighting
 + Level 0.3 Short Blades
 + Level 3.2 Dodging
 + Level 3.0 Stealth
 + Level 0.4 Unarmed Combat
 + Level 5.8 Spellcasting
 + Level 4.8 Conjurations
 + Level 5.1 Air Magic


You had 6 spell levels left.
You knew the following spells:

 Your Spells              Type           Power        Failure   Level  Hunger
a - Shock                 Conj/Air       ####         1%          1    None
b - Airstrike             Air            ####......   11%         4    ####...
c - Static Discharge      Conj/Air       ####....     3%          3    ##.....
d - Regeneration          Chrm/Necr      #.........   28%         3    ##.....

Your spell library contained the following spells:

 Spells                   Type           Power        Failure   Level  Hunger
 Swiftness                Chrm/Air       ###.....     4%          2    None
 Animate Skeleton         Necr           N/A          10%         1    None
 Pain                     Necr           #...         10%         1    None
 Vampiric Draining        Necr           #.........   28%         3    ##.....
 Lightning Bolt           Conj/Air       ####......   32%         5    #####..
 Animate Dead             Necr           N/A          67%         4    ####...


Dungeon Overview and Level Annotations

Branches:
Dungeon (4/15)
 Temple: D:4-7

Altars:
Qazlal


Message History

The orc warrior hits you with a +0 war axe!
* * * LOW HITPOINT WARNING * * *
There is a stone staircase leading down here.
Casting: Shock (safe; 1% risk of failure)
Confirm with . or Enter, or press ? or * to list all spells.
Aiming: Shock (safe; 1% risk of failure)
Press: ? - help, Shift-Dir - straight line, f/p - orc warrior
Aim: an orc warrior, wielding a +0 war axe and wearing a +0 chain mail (moderately wounded)
The zap hits the orc warrior.
The orc warrior is moderately wounded.
Casting: Shock (safe; 1% risk of failure)
Confirm with . or Enter, or press ? or * to list all spells.
Aiming: Shock (safe; 1% risk of failure)
Press: ? - help, Shift-Dir - straight line, f/p - orc warrior
Aim: an orc warrior, wielding a +0 war axe and wearing a +0 chain mail (moderately wounded)
The zap hits the orc warrior but does no damage.
The orc warrior is moderately wounded.
The orc warrior hits you with a +0 war axe!!
Ouch! That really hurt!
You die...

##.##.#.# .......>#
##.##.#.# #)##.#.#
##)##.#.# ##.##.#.#
'...#.#.#
##).#.#.##################
##..............@o.......#
##.#.##.###############.##
...#.##.# #......<.<#.#
####.##.# #.#########.#
#..#.# #.# #.#
##.#.#####.# #.#
#.#.......# #.#
#.#.)###### #.# #....# #.#


You could see an orc warrior.

Vanquished Creatures
  A phantom (D:4)
  An ogre (D:4)
  A scorpion (D:4)
  An orc priest (D:4)
  A hound (D:4)
  2 worker ants (D:4)
  Robin (D:3)
  4 adders
  6 gnolls (D:4)
  An ooze (D:2)
  An adder skeleton (D:4)
  2 worms (D:3)
  2 dart slugs
  3 leopard geckos
  16 orcs
  13 bats
  6 giant cockroaches
  33 goblins
  25 hobgoblins
  3 jackals (D:3)
  3 quokkas
  3 ball pythons
  7 frilled lizards
  5 kobolds
  8 rats
149 creatures vanquished.

Notes
Turn   | Place    | Note
-------+----------+-------------------------------------------
     0 | D:1      | Descartes the Deep Elf Air Elementalist began the quest for
                  | the Orb.
     0 | D:1      | Reached XP level 1. HP: 10/10 MP: 6/6
   310 | D:1      | Reached XP level 2. HP: 10/15 MP: 2/8
  1332 | D:1      | Reached XP level 3. HP: 19/19 MP: 8/10
  2274 | D:2      | Reached XP level 4. HP: 24/24 MP: 7/11
  3339 | D:3      | Noticed Robin
  3344 | D:3      | Killed Robin
  3347 | D:3      | Reached XP level 5. HP: 28/28 MP: 1/13
  3738 | D:3      | Learned a level 3 spell: Regeneration
  3743 | D:3      | Learned a level 4 spell: Airstrike
  3747 | D:3      | Learned a level 3 spell: Static Discharge
  4484 | D:4      | Noticed an ogre
  4490 | D:4      | Killed an ogre
  4490 | D:4      | Reached skill level 5 in Spellcasting
  4490 | D:4      | Reached XP level 6. HP: 33/33 MP: 8/15
  4517 | D:4      | Found a stormy altar of Qazlal.
  5311 | D:4      | Reached XP level 7. HP: 31/37 MP: 12/17
  5626 | D:4      | Reached skill level 5 in Air Magic
  6372 | D:3      | Mangled by an orc warrior

Levels and vault maps discovered:
D:1:      dpeg_arrival_oval, layout_loops_corners, serial_rivers,
          chequers_serial_rivers_large_a, chequers_serial_rivers_micro_d,
          chequers_serial_rivers_micro_e, chequers_serial_rivers_micro_a,
          chequers_serial_rivers_room_b
D:2:      layout_rooms, serial_forest, infiniplex_forest_pool,
          infiniplex_forest_lined_2, infiniplex_forest_lined_1,
          infiniplex_forest_lined_room_2, infiniplex_forest_lined_room_,
          minmay_joined_circles
D:3:      layout_basic, first_ration, uniq_robin
D:4:      minmay_goblin_kobold_castle, layout_rooms, kennysheep_mini_moat

Skill      XL: |  1  2  3  4  5  6  7 |
---------------+----------------------+-----
Conjurations   | 2 3 4 |  4.8
Spellcasting   | 4 5 |  5.8
Air Magic      | 4 5 |  5.1
Stealth        | 3 |  3.0
Dodging        | 3 |  3.2
Fighting       | |  0.6
Short Blades   | |  0.3
Unarmed Combat | |  0.4

Action                   |  1- 3 |  4- 6 |  7- 9 || total
-------------------------+-------+-------+-------++-------
Melee: Unarmed           |     1 |       |       ||     1
       Dagger            |       |     3 |       ||     3
       Short sword       |       |    24 |    18 ||    42
 Cast: Shock             |    87 |   178 |    41 ||   306
  Eat: Chunk             |     4 |     9 |     3 ||    16
Armor: Robe              |     2 |     9 |    12 ||    23
Dodge: Dodged            |    16 |    54 |    22 ||    92
